AoeStats
← saker

Arabia

510847983Analyzed
1v1 RM · 16h ago on Oct 2, 2026· 28m 20s· 2 players
Game mode
Random Map
Map size
Tiny (2 player)
Population
200
Speed
Normal
Resources
Standard
Victory
Conquest
Starting age
Dark Age
Ending age
Imperial Age
RankedLock teamsTeams togetherTeam positionsShared explorationLock speedFull tech treeHidden civsTurbo modeCheats
Victory
Defeat
🇸🇪 Ethiopians · Sweden
1361
+14
🇨🇴 Italians · Colombia
1307
-14
saker
7:27 Loom
9:40 Feudal Age
10:19 Double-Bit Axe
13:52 Fletching
17:12 Padded Archer Armor
19:12 Wheelbarrow
22:12 Castle Age
20:38 Horse Collar
22:55 Bodkin Arrow
23:00 Scale Mail Armor
22:23 Crossbowman
23:30 Bow Saw
27:25 Gold Mining
27:36 Heavy Plow
27:24 Town Watch
informessigma
7:16 Loom
9:20 Feudal Age
17:01 Fletching
19:15 Padded Archer Armor
25:03 Castle Age
23:27 Double-Bit Axe
25:12 Elite Skirmisher
26:00 Thumb Ring
25:51 Bodkin Arrow
26:12 Leather Archer Armor
26:48 Crossbowman
Connection lost

Rejoining the realm…

Still unreachable

The connection could not be restored.

Session expired

The server has moved on; the page needs a fresh start.